 Dungeon Crawl Stone Soup version 0.18-a0-1273-g8ec5f8e (webtiles) character file.

19958 M4edhros the Covert (level 12, -12/68 HPs)
             Began as an Octopode Artificer on Feb 6, 2016.
             Was an Elder of Fedhas.
             Hit by a large rock thrown by a cyclops (51 damage)
             ... on level 14 of the Dungeon on Feb 8, 2016.
             The game lasted 00:41:16 (14732 turns).

M4edhros the Covert (Octopode Artificer)           Turns: 14732, Time: 00:41:16

Health: -12/68     AC:  2    Str: 16    XL:     12   Next: 74%
Magic:  16/16      EV: 16    Int: 18    God:    Fedhas [****..]
Gold:   177        SH: 17    Dex: 14    Spells: 0 memorised, 11 levels left

rFire  + . .     SeeInvis .     E - +4 hunting sling (freeze)
rCold  . . .     Gourm    .     M - +5 shield {reflect}
rNeg   . . .     Faith    .     (helmet restricted)
rPois  +         Spirit   .     H - +2 amulet of reflection
rElec  .         Dismiss  .     i - ring of protection from magic
rCorr  .         Reflect  +     D - ring of stealth
SustAt .         Harm     .     S - ring of protection from cold
MR     +....     Rnd*Rage +     d - ring of Sin {Fire *Drain rPois Str+6 Dex+2}
Stlth  ++++++++..               (no ring)
                                (no ring)
                                (no ring)
                                (no ring)

@: somewhat resistant to hostile enchantments, extraordinarily stealthy
A: almost no armour, amphibious, 8 rings, constrict 8, tentacle spike 1, icy
blue scales 1, camouflage 1, berserk 1, clumsy 1, low mp 1, wild magic 1,
gelatinous body 1
a: Evolution, Sunlight, Growth, Reproduction, Renounce Religion


You were on level 14 of the Dungeon.
You worshipped Fedhas.
Fedhas was greatly pleased with you.
You were not hungry.

You visited 1 branch of the dungeon, and saw 14 of its levels.

You collected 745 gold pieces.
You spent 568 gold pieces at shops.

Inventory:

Hand Weapons
 r - a +2 dagger of speed
 y - a +0 blowgun
 A - a +0 dagger of venom
 E - a +4 hunting sling of freezing (weapon)
Missiles
 p - 63 stones (quivered)
 t - 123 sling bullets
 z - 56 poisoned needles
Armour
 M - a +5 shield of reflection (worn)
Magical Staves
 m - an uncursed staff of earth
Jewellery
 d - the ring of Sin (on tentacle) {Fire *Drain rPois Str+6 Dex+2}
   (You bought it in a shop on level 13 of the Dungeon)

   [ring of fire]

   It enhances your fire magic, and weakens your ice magic.
   It affects your strength (+6).
   It affects your dexterity (+2).
   It protects you from fire.
   It makes you vulnerable to cold.
   It protects you from poison.
   It causes draining when unequipped.
 i - a ring of protection from magic (left tentacle)
 w - an uncursed ring of teleportation
 D - a ring of stealth (right tentacle)
 H - a +2 amulet of reflection (around mantle)
 S - a ring of protection from cold (on tentacle)
 Y - an uncursed amulet of rage
Wands
 b - a wand of flame (2/48)
 c - a wand of enslavement (13/24)
 q - a wand of iceblast (0/15)
 C - a wand of iceblast (10/15)
 K - a wand of iceblast (8/15)
 L - a wand of teleportation (1/9)
 O - a wand of confusion (13/48)
 P - a wand of lightning (5/15)
 U - a wand of iceblast (6/15)
 V - a wand of disintegration (15/24)
Scrolls
 g - a scroll of enchant weapon {unknown}
 j - 7 scrolls of teleportation
 k - 4 scrolls of magic mapping
 o - 2 scrolls of recharging
 s - 2 scrolls of fog
 u - a scroll of blinking
 x - 2 scrolls of enchant armour
 R - a scroll of brand weapon
Potions
 e - 3 potions of might
 h - a potion of flight
 G - a potion of cure mutation
 I - 4 potions of curing
 N - a potion of haste
Miscellaneous
 Q - a stone of tremors (inert)
Comestibles
 a - 6 fruits
 f - 12 bread rations
 l - 3 meat rations
 B - 6 beef jerkies


   Skills:
 - Level 1.0 Fighting
 - Level 1.0 Short Blades
 * Level 10.0 Slings
 + Level 9.6 Dodging
 + Level 13.1 Stealth
 * Level 7.5 Shields
 + Level 8.6 Invocations
 - Level 7.6 Evocations


You had 11 spell levels left.
You didn't know any spells.

Dungeon Overview and Level Annotations

Branches:
Dungeon (14/15)            Temple (0/1) D:4            Lair (0/8) D:8
    Orc (0/2) D:10
 Vaults: D:13-14

Altars:
Ashenzari
Cheibriados
Fedhas
Gozag
Kikubaaqudgha
Makhleb
Okawaru
Pakellas
Qazlal
Sif Muna
Trog
Yredelemnul
Zin

Shops:
D:8 =   D:13 =


Innate Abilities, Weirdness & Mutations

You cannot wear most types of armour.
You are amphibious.
You can wear up to eight rings at the same time.
You can use your tentacles to constrict eight enemies at once.
Your skin changes colour to match your surroundings (Stealth).
Your rubbery body absorbs attacks (AC +1).
One of your tentacles bears a spike.
You are partially covered in icy blue scales (AC +1).
You tend to lose your temper in combat.
You are clumsy. (Dex -2)
Your magical capacity is low (-10% MP).
Your spells are a little harder to cast, but a little more powerful.


Message History

Aim: a green ugly thing (almost dead)
You shoot a stone. The stone hits the green ugly thing.
The stone freezes the green ugly thing.
You kill the green ugly thing!
The cyclops throws a large rock.
The large rock completely misses you.
Unknown command.
Firing (i - inventory. (,) - cycle):
p - 65 stones (quivered)
Press: ? - help, Shift-Dir - straight line, f - cyclops
Aim: a cyclops You shoot a stone.
The stone hits the cyclops.
The stone freezes the cyclops.
The cyclops is lightly wounded.
Unknown command.
Firing (i - inventory. (,) - cycle):
p - 64 stones (quivered)
Press: ? - help, Shift-Dir - straight line, f/p - cyclops
Aim: a cyclops (lightly wounded)
You shoot a stone. The stone barely misses the cyclops.
The cyclops throws a large rock.
The large rock hits you!!!
Ouch! That really hurt!
You die...
Fedhas appreciates your contribution to the ecosystem.

.............######
..#####.#f.########
##.###.###..f#. ####f##
##f##.##.# ....##
##.#.##.# #..<# ##.##.##
##f##f##.# #...#
...##.###.###.##.# #...#
##.# ##.#f####..... #...#
#.@# ##..........# #
#...# ##(## ############
#.###...# ##(f.######
.......(#####.((.........
#.###.(.uu(...(....#.####
..$....(...>C.##.##. #
#...##.####(## #.# #.
###.##)# #. #.. ## #u##.#
# #.. ######


You could see a cyclops and a friendly wandering mushroom.

Vanquished Creatures
  A hydra (D:11)
  A centaur warrior (D:14)
  An unseen horror (D:9)
  2 ugly things
  A manticore (D:11)
  3 cyclopes
  A guardian serpent (shapeshifter) (D:13)
  An elephant (D:8)
  2 gargoyles
  2 trolls
  A two-headed ogre (D:10)
  4 slime creatures (D:12)
  6 yaks (D:11)
  A hungry ghost (D:10)
  3 hippogriffs
  2 vampire mosquitoes (D:14)
  4 wolves
  A water moccasin (D:6)
  3 orc warriors
  2 black bears
  2 ice beasts (D:12)
  4 sky beasts
  A swamp drake (D:10)
  A phantom (D:10)
  6 ogres
  5 centaurs
  A crocodile (D:10)
  A big kobold (D:8)
  6 giant frogs
  A gnoll sergeant (D:12)
  2 scorpions
  9 killer bees
  7 crimson imps
  3 giant frog skeletons
  4 hounds
  7 orc priests
  2 jellies
  2 iguanas
  Terence (D:2)
  7 orc wizards
  10 worker ants
  4 sheep
  2 hound skeletons
  11 gnolls
  14 adders
  2 shadow imps
  A giant eyeball (D:11)
  4 oozes
  4 adder skeletons
  6 worms
  9 giant geckos
  50 orcs
  8 bats
  A giant cockroach (D:2)
  5 goblins
  5 hobgoblins
  10 jackals
  13 kobolds
  2 quokkas
  A ball python (D:4)
  6 giant newts
  A jackal zombie (D:5)
  A quokka skeleton (D:7)
  5 rats
  A toadstool (D:8)
290 creatures vanquished.

Vanquished Creatures (collateral kills)
  2 hydras
  A hill giant (D:14)
  4 ugly things
  A deep elf mage (D:14)
  Joseph (D:7)
  A komodo dragon (D:10)
  A troll (D:11)
  2 slime creatures (D:12)
  2 wraiths (D:12)
  4 yaks (D:11)
  A hungry ghost (D:9)
  Grum (D:8)
  A vampire mosquito (D:14)
  A mottled dragon (D:9)
  7 orc warriors
  A black bear (D:7)
  2 ice beasts
  An eye of draining (D:11)
  A phantom (D:12)
  3 ogres
  A centaur (D:12)
  A big kobold (D:8)
  A gnoll sergeant (D:9)
  A giant frog (D:6)
  2 scorpions (D:8)
  A worker ant (D:8)
  5 killer bees
  A troll skeleton (D:9)
  A crimson imp (D:14)
  3 hounds
  3 orc wizards
  Crazy Yiuf (D:7)
  4 orc priests
  5 centaur skeletons (D:9)
  A giant frog skeleton (D:12)
  An iguana (D:6)
  4 gnolls
  An adder (D:5)
  A shadow imp (D:13)
  14 orcs
  3 jackals (D:6)
  3 kobolds (D:8)
  A giant spore (D:11)
97 creatures vanquished.

Vanquished Creatures (others)
  A centaur warrior (D:14)
  21 wandering mushrooms
  2 necrophages
  A centaur (D:8)
  A killer bee zombie (D:9)
  2 worker ant zombies
  340 toadstools
368 creatures vanquished.

Grand Total: 755 creatures vanquished

Notes
Turn   | Place    | Note
--------------------------------------------------------------
     0 | D:1      | M4edhros the Octopode Artificer began the quest for the Orb.
     0 | D:1      | Reached XP level 1. HP: 13/13 MP: 3/3
    29 | D:1      | Reached XP level 2. HP: 18/18 MP: 4/4
   510 | D:1      | Reached XP level 3. HP: 16/23 MP: 5/5
   757 | D:2      | Noticed Terence
   774 | D:2      | Killed Terence
   945 | D:2      | Reached XP level 4. HP: 18/28 MP: 6/6
  1214 | D:2      | Found a basalt altar of Yredelemnul.
  1220 | D:2      | Reached skill level 4 in Stealth
  1524 | D:4      | Found a shattered altar of Ashenzari.
  1690 | D:5      | Entered Level 5 of the Dungeon
  1706 | D:5      | Noticed an ogre
  2005 | D:4      | Reached XP level 5. HP: 5/33 MP: 7/7
  2220 | D:4      | Reached skill level 5 in Stealth
  2529 | D:5      | Noticed a centaur
  2530 | D:5      | Killed a centaur
  2530 | D:5      | Reached XP level 6. HP: 38/38 MP: 9/9
  2715 | D:5      | Found a blossoming altar of Fedhas.
  2720 | D:5      | Became a worshipper of Fedhas Madash
  2747 | D:5      | Found an opulent altar of Gozag.
  3148 | D:2      | Reached skill level 6 in Stealth
  3437 | D:2      | Reached * piety under Fedhas
  3537 | D:2      | Found an oddly glowing altar of Pakellas.
  3539 | D:2      | Found a glowing silver altar of Zin.
  3699 | D:2      | Found a burning altar of Makhleb.
  3699 | D:2      | Noticed an Executioner
  4252 | D:3      | Found an oddly glowing altar of Pakellas.
  4719 | D:4      | Reached XP level 7. HP: 43/43 MP: 10/10
  4737 | D:4      | Found a deep blue altar of Sif Muna.
  4924 | D:4      | Found a staircase to the Ecumenical Temple.
  5239 | D:5      | Reached skill level 1 in Invocations
  5241 | D:5      | Reached skill level 7 in Stealth
  5242 | D:5      | Reached ** piety under Fedhas
  5557 | D:5      | Reached skill level 5 in Dodging
  5817 | D:6      | Upgraded the game from 0.18-a0-1267-gff090c1 to 0.18-a0-1273-g8ec5f8e
  5828 | D:6      | Found an ancient bone altar of Kikubaaqudgha.
  5860 | D:6      | Reached skill level 5 in Evocations
  6101 | D:6      | Reached skill level 8 in Stealth
  6101 | D:6      | Reached XP level 8. HP: 48/48 MP: 11/11
  6624 | D:7      | Noticed Joseph
  6626 | D:7      | Killed Joseph
  6626 | D:7      | Reached skill level 9 in Stealth
  6657 | D:7      | Reached *** piety under Fedhas
  6829 | D:7      | Noticed Crazy Yiuf
  6835 | D:7      | Killed Crazy Yiuf
  6835 | D:7      | Reached skill level 1 in Slings
  6932 | D:7      | Reached XP level 9. HP: 53/53 MP: 13/13
  7540 | D:8      | Noticed an elephant
  7541 | D:8      | Reached skill level 10 in Stealth
  7544 | D:8      | Noticed Grum
  7624 | D:8      | Found an iron altar of Okawaru.
  7686 | D:8      | Reached **** piety under Fedhas
  7689 | D:8      | Killed an elephant
  7703 | D:8      | Reached skill level 5 in Invocations
  7764 | D:8      | Killed Grum
  7788 | D:8      | Reached skill level 5 in Slings
  7788 | D:8      | Reached XP level 10. HP: 31/58 MP: 15/15
  7791 | D:8      | Found a bloodstained altar of Trog.
  7797 | D:8      | Found a snail-covered altar of Cheibriados.
  7800 | D:8      | Found a stormy altar of Qazlal.
  7814 | D:8      | Found Vuatat's Jewellery Shoppe.
  7826 | D:8      | Found a staircase to the Lair.
  7875 | D:8      | Gained mutation: You tend to lose your temper in combat. [mutagenic meat]
  7877 | D:8      | Gained mutation: You are partially covered in rough black scales (AC +4, Dex -1). [mutagenic meat]
  7878 | D:8      | Gained mutation: You are partially covered in icy blue scales (AC +1). [mutagenic meat]
  7879 | D:8      | Gained mutation: You are clumsy. (Dex -2) [mutagenic meat]
  7880 | D:8      | Gained mutation: Your magical capacity is low (-10% MP). [mutagenic meat]
  8869 | D:9      | Reached skill level 11 in Stealth
  8910 | D:9      | Noticed an unseen horror
  8920 | D:9      | Killed an unseen horror
  9370 | D:10     | Entered Level 10 of the Dungeon
  9775 | D:10     | Gained mutation: Your spells are a little harder to cast, but a little more powerful. [mutagenic meat]
  9957 | D:10     | Reached skill level 1 in Shields
  9984 | D:10     | Reached ***** piety under Fedhas
 10095 | D:10     | Found a staircase to the Orcish Mines.
 10469 | D:11     | Reached XP level 11. HP: 31/63 MP: 9/15
 10509 | D:11     | Noticed a cyclops
 10660 | D:11     | Noticed a five-headed hydra
 10663 | D:11     | Noticed a manticore
 10676 | D:11     | Noticed an eight-headed hydra
 10714 | D:11     | Killed an eight-headed hydra
 10804 | D:11     | Killed a manticore
 10810 | D:11     | Killed a five-headed hydra
 11431 | D:11     | Killed a cyclops
 11431 | D:11     | Reached skill level 12 in Stealth
 11846 | D:12     | Reached skill level 5 in Shields
 12189 | D:12     | Noticed a brown ugly thing
 12223 | D:12     | Killed a brown ugly thing
 12227 | D:12     | Lost mutation: You are partially covered in rough black scales (AC +4, Dex -1). [mutagenic meat]
 12229 | D:12     | Gained mutation: One of your tentacles bears a spike. [mutagenic meat]
 12342 | D:12     | Noticed a cyclops
 12355 | D:12     | Killed a cyclops
 12456 | D:12     | Reached XP level 12. HP: 50/68 MP: 16/16
 13181 | D:13     | Noticed a seven-headed hydra
 13208 | D:13     | Killed a seven-headed hydra
 13902 | D:13     | Found Hibo's Jewellery Emporium.
 13905 | D:13     | Bought the ring of Sin {Fire *Drain rPois Str+6 Dex+2} for 568 gold pieces
 14086 | D:14     | Noticed a centaur warrior
 14106 | D:14     | Killed a centaur warrior
 14547 | D:14     | Noticed a centaur warrior
 14600 | D:14     | Killed a centaur warrior
 14714 | D:14     | Reached skill level 13 in Stealth
 14724 | D:14     | Reached skill level 10 in Slings
 14732 | D:14     | Hit by a large rock thrown by a cyclops

Vault maps used:
D:1:      sevenhm_arrival_forest_fort_small_4, hex_large,
          corexii_leaking_fountain, grunt_decor_one_mirror, minmay_ruptured
D:2:      lemuel_doored_altar, nicolae_overflow_hidden_temple,
          makhleb_altar_promises_db, uniq_terence
D:3:      grunt_pakellas_basics
D:4:      kennysheep_mini_moat, led_sif_pool, temple_hall
D:5:      kennysheep_little_box, grunt_gozag_breadcrumbs, first_bread
D:6:      nicolae_overflow_crystal_walls
D:7:      uniq_crazy_yiuf_cottage, uniq_joseph
D:8:      minitemple, david_lair_generic, serial_shops, nicolae_shop_crystal,
          uniq_grum
D:9:      hangedman_tell_no_tales
D:10:     erik_orc_1
D:13:     serial_shops, kennysheep_mini
D:14:     grunt_vaults_entry_fortified, hangedman_decor_slide_cut,
          enter_trove_5, uniq_agnes

Action                   |  1- 3 |  4- 6 |  7- 9 | 10-12 || total
-------------------------+-------+-------+-------+-------++-------
Melee: Short sword       |    60 |    29 |       |       ||    89
       Dagger            |       |   168 |    91 |   127 ||   386
 Fire: Hunting sling     |       |       |   117 |   740 ||   857
       Blowgun           |       |       |       |     7 ||     7
Invok: Evolution         |       |     1 |     7 |    14 ||    22
       Sunlight          |       |       |     1 |     8 ||     9
       Reproduction      |       |       |       |     1 ||     1
Evoke: Wand              |       |    10 |    13 |    26 ||    49
       Stone of tremors  |       |       |       |     1 ||     1
  Use: Potion            |     3 |     2 |     5 |     2 ||    12
       Scroll            |       |     2 |    10 |    10 ||    22
 Stab: Sleeping          |     9 |    19 |     6 |    10 ||    44
       Confused          |       |       |       |     5 ||     5
       Distracted        |       |       |       |     1 ||     1
  Eat: Chunk             |       |     6 |       |    13 ||    19
       Meat ration       |       |     1 |     2 |     2 ||     5
       Royal jelly       |       |       |       |     5 ||     5
       Beef jerky        |       |       |       |     2 ||     2
       Pizza             |       |       |       |     1 ||     1
